 Dungeon Crawl Stone Soup version 0.15-a0-1081-gb32516e (console) character file.

1479 Che the Martial Artist (level 8, -4/52 HPs)
             Began as an Octopode Monk on May 28, 2014.
             Was a Believer of Cheibriados.
             Slain by an ogre
             ... wielding a cursed -1,-1 giant club
              (31 damage)
             ... on Level 6 of the Dungeon.
             The game lasted 00:15:52 (2609 turns).

Che the Martial Artist (Octopode Monk)              Turns: 2609, Time: 00:15:53

HP  -4/52        AC  2     Str 17      XL: 8   Next: 79%
MP   8/8         EV 16     Int 18      God: Cheibriados [**....]
Gold 76          SH  0     Dex 19      Spells:  0 memorised,  7 levels left

rFire  . . .     SeeInvis .       - Unarmed
rCold  . . .     Clarity  .     (no shield)
rNeg   + . .     Conserve .     J - +1 hat
rPois  .         rCorr    +     p - amulet of resist corrosion
rElec  .         rRot     .     t - cursed ring of positive energy
SustAb .         Spirit   .     (no ring)
rMut   .         Warding  .     (no ring)
Gourm  .         Stasis   .     (no ring)
MR     .....                    (no ring)
                                (no ring)
                                (no ring)
                                (no ring)

@: very slow, not resistant to hostile enchantments, fairly stealthy
A: almost no armour, amphibious, 8 rings, constrict 8, camouflage 1, gelatinous
body 1
a: Bend Time, Renounce Religion


You were on level 6 of the Dungeon.
You worshipped Cheibriados.
Cheibriados was pleased with you.
You were not hungry.

You visited 2 branches of the dungeon, and saw 8 of its levels.

You collected 170 gold pieces.
You spent 94 gold pieces at shops.

Inventory:

Missiles
 h - 4 needles of confusion
Armour
 F - a +0 large shield of reflection
 J - a +1 hat (worn)
Magical devices
 v - a wand of polymorph (19)
 B - a wand of flame (12)
Comestibles
 b - 5 bread rations
 c - 2 chunks of ogre flesh
 m - 3 beef jerkies
 u - 3 meat rations
 C - 12 fruits
 I - a rotting chunk of goblin flesh
Scrolls
 d - 3 scrolls of amnesia {unknown}
 e - 2 scrolls of blinking {unknown}
 f - 3 scrolls of enchant armour {unknown}
 g - 2 scrolls of recharging {unknown}
 i - a scroll of fog {unknown}
 l - 4 scrolls of remove curse
 n - 2 scrolls of teleportation {unknown}
 q - 2 scrolls of noise {unknown}
 r - 2 scrolls of fear {unknown}
 w - 3 scrolls of immolation {unknown}
 y - a scroll of enchant weapon I {unknown}
 D - a scroll of enchant weapon II {unknown}
 G - a scroll of vulnerability {unknown}
Jewellery
 p - an amulet of resist corrosion (around mantle)
 t - a cursed ring of positive energy (left tentacle)
Potions
 a - a potion of lignification
 j - 2 potions of heal wounds {unknown}
 k - 7 potions of curing
 o - a potion of resistance {unknown}
 s - a potion of flight
 x - 2 potions of might
 H - a potion of brilliance
Books
 A - a book of Conjurations

   Spells                             Type                      Level
   Magic Dart                         Conjuration                  1
   Searing Ray                        Conjuration                  2
   Dazzling Spray                     Conjuration/Hexes            3
   Fulminant Prism                    Conjuration/Hexes            4
   Iskenderun's Mystic Blast          Conjuration                  4
   Iskenderun's Battlesphere          Conjuration/Charms           5


   Skills:
 - Level 3.0 Fighting
 * Level 5.9 Dodging
 - Level 2.6 Stealth
 + Level 2.7 Shields
 + Level 9.6 Unarmed Combat


You had 7 spell levels left.
You didn't know any spells.

Dungeon Overview and Level Annotations

Branches:
Dungeon (7/15)             Temple (1/1) D:6

Altars:
Ashenzari
Cheibriados
Dithmenos
Elyvilon
Fedhas
Gozag
Makhleb
Nemelex Xobeh
Okawaru
Sif Muna
Trog
Vehumet
Xom
Yredelemnul
Zin
The Shining One

Shops:
D:6 [


Innate Abilities, Weirdness & Mutations

You cannot wear most types of armour.
You are amphibious.
You can wear up to eight rings at the same time.
You can use your tentacles to constrict many enemies at once.
Your skin changes colour to match your surroundings (Stealth).
Your rubbery body absorbs attacks (AC +1).


Message History

You swing at nothing.
You swing at nothing.
You swing at nothing.
You swing at nothing.
You swing at nothing.
You swing at nothing.
You swing at nothing.
You swing at nothing.
You swing at nothing.
You swing at nothing.
You swing at nothing.
You swing at nothing.
You swing at nothing.
Wield which item (- for none, * to show all)? (? for menu, Esc to quit)
You are now empty-tentacled.
You open the door.
There is an open door here.
The ogre hits you with a giant club!!
Ouch! That really hurt!
You die...

#...................
#...................
#...................
#...................
#...................
#...................
#...#####'######....
#...#.....)....#.###
#..@#..........#.#
#..O#..........#.#
#...############.#
#.... (.....###
#.... .........
#....# #.....#.
#....# #......∩
#....# #.....#) ...
#.......


You could see an ogre.

Vanquished Creatures
  Grinder (D:6)
  Edmund (D:7)
  Menkaure (D:6)
  An orc warrior (D:7)
  An ogre (D:6)
  A hippogriff zombie (D:5)
  5 wights (D:6)
  A crimson imp (D:6)
  A centaur zombie (D:7)
  2 orc priests
  3 hounds
  3 iguanas
  3 orc wizards (D:7)
  2 worker ants
  Ijyb (D:7)
  A hound skeleton (D:5)
  A mummy (D:6)
  5 adders
  2 giant mites
  A worm (D:6)
  An adder skeleton (D:6)
  2 giant geckos
  10 orcs
  5 bats
  3 giant cockroaches
  3 hobgoblins
  A ball python (D:2)
  A giant gecko skeleton (D:7)
  2 giant newts
  7 goblins
  6 jackals
  9 kobolds
  An orc skeleton (D:4)
  A quokka (D:3)
  5 rats
94 creatures vanquished.

Notes
Turn   | Place    | Note
--------------------------------------------------------------
     0 | D:1      | Che, the Octopode Monk, began the quest for the Orb.
     0 | D:1      | Reached XP level 1. HP: 16/16 MP: 1/1
    93 | D:2      | Reached XP level 2. HP: 21/21 MP: 2/2
   165 | D:2      | Reached XP level 3. HP: 21/26 MP: 3/3
   222 | D:2      | Reached skill level 5 in Unarmed Combat
   504 | D:3      | Reached XP level 4. HP: 25/31 MP: 4/4
   528 | D:3      | Found a shimmering altar of Xom.
   760 | D:4      | Reached skill level 6 in Unarmed Combat
   760 | D:4      | Reached XP level 5. HP: 33/36 MP: 5/5
   794 | D:4      | Found a glowing silver altar of Zin.
   889 | D:4      | Found a white marble altar of Elyvilon.
  1123 | D:4      | Found a shattered altar of Ashenzari.
  1194 | D:5      | Entered Level 5 of the Dungeon
  1285 | D:5      | Reached skill level 7 in Unarmed Combat
  1295 | D:5      | Found a glowing golden altar of the Shining One.
  1296 | D:5      | Found a blossoming altar of Fedhas.
  1297 | D:5      | Found a basalt altar of Yredelemnul.
  1348 | D:5      | Reached XP level 6. HP: 8/42 MP: 6/6
  1391 | D:5      | HP: 1/42 [hippogriff zombie (5)]
  1853 | D:6      | Reached skill level 8 in Unarmed Combat
  1863 | D:6      | Noticed Grinder
  1883 | D:6      | Killed Grinder
  1883 | D:6      | Reached XP level 7. HP: 42/46 MP: 7/7
  1891 | D:6      | Found a staircase to the Ecumenical Temple.
  1900 | D:6      | Reached skill level 9 in Unarmed Combat
  1911 | Temple   | Entered the Ecumenical Temple
  1936 | Temple   | Became a worshipper of Cheibriados the Contemplative
  1975 | D:6      | Found Acakh's Antique Armour Shoppe.
  2027 | D:6      | Bought a glowing large shield for 94 gold pieces
  2056 | D:6      | Reached XP level 8. HP: 48/52 MP: 8/8
  2067 | D:6      | Noticed Menkaure
  2080 | D:6      | Killed Menkaure
  2080 | D:6      | Reached skill level 1 in Shields
  2198 | D:5      | Found a burning altar of Makhleb.
  2198 | D:5      | Found a shadowy altar of Dithmenos.
  2214 | D:6      | Found an iron altar of Okawaru.
  2293 | D:7      | Noticed Edmund
  2308 | D:7      | Killed Edmund
  2308 | D:7      | Reached skill level 5 in Dodging
  2336 | D:7      | Noticed Ijyb
  2348 | D:7      | Killed Ijyb
  2609 | D:6      | Slain by an ogre

Action                   |  1- 3 |  4- 6 |  7- 9 || total
-------------------------+-------+-------+-------++-------
Melee: Unarmed           |    58 |   104 |    79 ||   241
Invok: Bend Time         |       |       |     2 ||     2
Evoke: Wand              |       |     1 |     2 ||     3
  Use: Scroll            |       |     1 |     5 ||     6
       Potion            |       |     1 |       ||     1
 Stab: Sleeping          |     6 |     7 |     4 ||    17
